 Dungeon Crawl Stone Soup version 0.29-a0-289-g2178c42546 (console) character file.

Game seed: 3389927385546879566

150 Gather the Digger (level 5, -2/35 HPs)
             Began as a Mummy Earth Elementalist on Mar 17, 2022.
             Slain by Crazy Yiuf
             ... wielding a +4 quarterstaff of chaos
              (3 damage)
             ... on level 2 of the Dungeon.
             The game lasted 00:07:09 (2235 turns).

Gather the Digger (Mummy Earth Elementalist)        Turns: 2235, Time: 00:07:10

Health: -2/35      AC:  3    Str: 11    XL:     5   Next: 10%
Magic:  0/9        EV: 12    Int: 16    God:
Gold:   74         SH:  0    Dex: 13    Spells: 2/9 levels left

rFire   x . .      SeeInvis .   g - +0 whip (venom)
rCold   + . .      Faith    .   (no shield)
rNeg    + + +      Spirit   .   b - +0 robe
rPois   ∞          Reflect  .   n - +0 helmet
rElec   .          Harm     .   (no cloak)
rCorr   .          Rampage  .   (no gloves)
Will    .....                   (no boots)
Stlth   ++........              (no amulet)
HPRegen 0.11/turn               (no ring)
MPRegen 0.11/turn               (no ring)

@: no status effects
A: cold resistance 1, negative energy resistance 3, torment resistance 2, heat
vulnerability 1, in touch with death 1, no potions
a: no special abilities


You were on level 2 of the Dungeon.
You visited 1 branch of the dungeon, and saw 2 of its levels.

You collected 74 gold pieces.

Inventory:

Hand Weapons
 c - a +0 dagger
 d - a +0 mace
 e - a +1 dagger of venom
 g - a +0 whip of venom (weapon)
Missiles
 a - 2 stones
Armour
 b - a +0 robe (worn)
 l - a +0 leather armour
 n - a +0 helmet (worn)
Wands
 m - a wand of polymorph (4)
Scrolls
 f - a scroll of brand weapon {unknown}
 h - a scroll of noise {unknown}
 i - a scroll of teleportation {unknown}
 j - 2 scrolls of holy word {unknown}
 k - a scroll of identify {unknown}


   Skills:
 - Level 1.5 Dodging
 - Level 1.5 Stealth
 - Level 2.6 Spellcasting
 + Level 2.6 Conjurations
 - Level 1.0 Necromancy
 - Level 0.7 Transmutations
 - Level 3.6 Earth Magic


You had 2 spell levels left.
You knew the following spells:

 Your Spells              Type           Power      Damage    Failure   Level
a - Sandblast             Erth           26%        2d8       4%          1
b - Stone Arrow           Conj/Erth      24%        3d8       16%         3
s - Animate Skeleton      Necr           16%        N/A       12%         1
w - Passwall              Tmut/Erth      7%         N/A       12%         2

Your spell library contained the following spells:

 Spells                   Type           Power      Damage    Failure   Level
 Slow                     Hex            8%         N/A       19%         1
 Vampiric Draining        Necr           8%         2d6       36%         3
 Confusing Touch          Hex            2%         N/A       50%         3
 Petrify                  Tmut/Erth      9%         N/A       61%         4


Dungeon Overview and Level Annotations

Branches:
Dungeon (2/15)

Altars:

Annotations:
D:2 Crazy Yiuf


Innate Abilities, Weirdness & Mutations

You are immune to poison.
Your flesh is cold resistant. (rC+)
You are immune to negative energy. (rN+++)
You are immune to unholy pain and torment.
You are vulnerable to heat. (rF-)
You are in touch with the powers of death.
You do not drink.


Message History

You open the door.
Casting: Sandblast (safe; 4% risk of failure)
Confirm with . or Enter, or press ? or * to list all spells.
The spell is quite dangerous to miscast (16% risk of failure)!
Continue anyway?
Aiming: Stone Arrow (quite dangerous; 16% risk of failure)
Press: ? - help, Shift-Dir - straight line, f - Crazy Yiuf
Aim: Crazy Yiuf, wielding a +4 quarterstaff of chaos and wearing a +0 cloak (asleep, 100% to hit)
The stone arrow hits Crazy Yiuf.
Crazy Yiuf is moderately wounded.
Casting: Stone Arrow (quite dangerous; 16% risk of failure)
Confirm with . or Enter, or press ? or * to list all spells.
The spell is quite dangerous to miscast (16% risk of failure)!
Continue anyway?
Aiming: Stone Arrow (quite dangerous; 16% risk of failure)
Press: ? - help, Shift-Dir - straight line, f/p - Crazy Yiuf
Aim: Crazy Yiuf, wielding a +4 quarterstaff of chaos and wearing a +0 cloak (moderately wounded, 72% to hit)
The stone arrow misses Crazy Yiuf.
Casting: Stone Arrow (quite dangerous; 16% risk of failure)
Confirm with . or Enter, or press ? or * to list all spells.
The spell is quite dangerous to miscast (16% risk of failure)!
Continue anyway?
Aiming: Stone Arrow (quite dangerous; 16% risk of failure)
Press: ? - help, Shift-Dir - straight line, f/p - Crazy Yiuf
Aim: Crazy Yiuf, wielding a +4 quarterstaff of chaos and wearing a +0 cloak (moderately wounded, 72% to hit)
The stone arrow hits Crazy Yiuf!
Crazy Yiuf is almost dead.
Casting: Stone Arrow (quite dangerous; 16% risk of failure)
Confirm with . or Enter, or press ? or * to list all spells.
You don't have enough magic to cast this spell.
You barely miss Crazy Yiuf.
Crazy Yiuf is almost dead.
Crazy Yiuf yells, "Shower chair shrimp!"
Crazy Yiuf hits you with a +4 quarterstaff of chaos!
You convulse!
You hit Crazy Yiuf but do no damage.
Crazy Yiuf is poisoned.
Crazy Yiuf is almost dead.
Crazy Yiuf hits you with a +4 quarterstaff of chaos.
Crazy Yiuf freezes you.
Crazy Yiuf hits you with a +4 quarterstaff of chaos!
* * * LOW HITPOINT WARNING * * *
Crazy Yiuf burns you.
You die...

##...#####
#.#####
#........####.##
#....###.......#
##..## ######..#
♣....♣ #..#
♣♣...♣ #..#
♣♣.♣♣ #..# ♣♣.♣
##..# ♣.♣♣ #...#
♣♣.♣ #...# ♣@♣♣
#...# #g#
#####..>## ...
#........###
#...#
####.###....
#)..# #....#
#.#.. #####
####.###.#.#
#.....#.#
##.####.# #.#
#.# #.# #.# #.#
#.#


You could see Crazy Yiuf (very poisoned).

Vanquished Creatures
  Natasha (thrice) (D:2)
  A gnoll (D:2)
  3 adders (D:2)
  4 ball pythons
  5 endoplasms
  3 giant cockroaches
  2 goblins (D:1)
  6 hobgoblins
  5 kobolds
  A quokka (D:2)
  A bat (D:2)
  2 frilled lizards (D:2)
  3 rats (D:1)
39 creatures vanquished.

Notes
Turn   | Place    | Note
-------+----------+-------------------------------------------
     0 | D:1      | Gather the Mummy Earth Elementalist began the quest for the
                  | Orb.
     0 | D:1      | Reached XP level 1. HP: 13/13 MP: 4/4
   313 | D:1      | Reached XP level 2. HP: 16/19 MP: 2/5
   362 | D:1      | Reached skill level 3 in Earth Magic
  1025 | D:2      | Found a faded altar of an unknown god.
  1043 | D:2      | Got Plato's Papyrus of Sinister Arts
  1047 | D:2      | Learned a level 2 spell: Passwall
  1049 | D:2      | Learned a level 1 spell: Animate Skeleton
  1058 | D:2      | Noticed Natasha
  1063 | D:2      | Killed Natasha
  1064 | D:2      | Reached skill level 1 in Necromancy
  1064 | D:2      | Gained mutation: You are in touch with the powers of death.
                  | [Mummy growth]
  1064 | D:2      | Reached XP level 3. HP: 16/24 MP: 1/7
  1068 | D:2      | Learned a level 3 spell: Stone Arrow
  1193 | D:2      | Noticed Natasha
  1200 | D:2      | Killed Natasha
  1201 | D:2      | Reached skill level 1 in Conjurations
  1201 | D:2      | Reached XP level 4. HP: 21/30 MP: 3/8
  1477 | D:2      | Noticed Natasha
  1483 | D:2      | Killed Natasha
  2014 | D:2      | Reached XP level 5. HP: 33/35 MP: 9/9
  2226 | D:2      | Found a runed translucent door.
  2227 | D:2      | Noticed Crazy Yiuf
  2235 | D:2      | HP: 1/35 [Crazy Yiuf/+4 quarterstaff of chaos (11)]
  2235 | D:2      | Slain by Crazy Yiuf

Illustrated notes

Levels and vault maps discovered:
D:1:      minmay_arrival_pointy, layout_basic, serial_corexii_hall,
          corexii_hall_statues_i, corexii_hall_statues_l,
          nicolae_concentric_dashed_squares_mild
D:2:      minmay_razor_zed, layout_loops_ring,
          shapermc_ecumenical_altar_rom_forum, uniq_crazy_yiuf_cottage,
          uniq_natasha

Skill      XL: |  1  2  3  4 |
---------------+-------------+-----
Earth Magic    | 3 |  3.6
Necromancy     | 1 |  1.0
Conjurations   | 1 2 |  2.6
Dodging        | |  1.5
Stealth        | |  1.5
Spellcasting   | |  2.6
Transmutations | |  0.7

Action                   |  1- 3 |  4- 6 || total
-------------------------+-------+-------++-------
Melee: Unarmed           |     4 |       ||     4
       Punch             |     1 |       ||     1
       Whip              |    13 |    36 ||    49
 Cast: Sandblast         |    30 |    16 ||    46
       Stone Arrow       |       |     3 ||     3
 Stab: Sleeping          |       |     1 ||     1
Armor: Robe              |     3 |     9 ||    12
Dodge: Dodged            |    16 |    33 ||    49

Table legend: (Time is in decaauts)
 A = Elapsed time spent in this place.
 B = Non-inter-level travel time spent in this place.
 C = Inter-level travel time spent in this place.
 D = Time resting spent in this place.
 E = Time spent auto-exploring this place.
 F = Levels seen in this place.
 G = Mean time per level.
                   A        B        C        D        E       F      G
               +--------+--------+--------+--------+--------+-----+--------+
         Total |   2237 |   2136 |    101 |      6 |   1812 |   2 | 1118.5 |
       Dungeon |   2237 |   2136 |    101 |      6 |   1812 |   2 | 1118.5 |
               +--------+--------+--------+--------+--------+-----+--------+

Top non-repeatable levels by time:
     D:2: 1300 daAuts
     D:1: 936 daAuts
